 Dungeon Crawl Stone Soup version 0.29-a0-551-gffc1d7fb78 (webtiles) character file.

Game seed: 12334070891780863605

156 happo123 the Sneak (level 5, 0/29 HPs)
             Began as a Kobold Enchanter on June 5, 2022.
             Slain by a scorpion (3 damage)
             ... on level 4 of the Dungeon.
             The game lasted 00:07:58 (2819 turns).

happo123 the Sneak (Kobold Enchanter)               Turns: 2819, Time: 00:07:59

Health: 0/29       AC:  4    Str:  5    XL:     5   Next: 64%
Magic:  2/9        EV: 19    Int: 24    God:
Gold:   113        SH:  0    Dex: 16    Spells: 4/9 levels left

rFire   . . .      SeeInvis .   a - +1 dagger
rCold   . . .      Faith    .   (no shield)
rNeg    . . .      Spirit   .   b - +0 robe
rPois   .          Reflect  .   m - +0 helmet
rElec   .          Harm     .   (no cloak)
rCorr   .          Rampage  .   e - +0 pair of gloves
Will    .....                   (no boots)
Stlth   ++++......              (no amulet)
HPRegen 0.09/turn               i - +4 ring of evasion
MPRegen 0.11/turn               p - +6 ring of intelligence

@: no status effects
A: small, no large weapons, nightstalker 3
a: no special abilities


You were on level 4 of the Dungeon.
You visited 1 branch of the dungeon, and saw 4 of its levels.

You collected 113 gold pieces.

Inventory:

Hand Weapons
 a - a +1 dagger (weapon)
Armour
 b - a +0 robe (worn)
 e - a +0 pair of gloves (worn)
 m - a +0 helmet (worn)
Jewellery
 i - a +4 ring of evasion (left hand)
 p - a +6 ring of intelligence (right hand)
 q - a ring of see invisible
Scrolls
 f - 7 scrolls of identify {unknown}
 g - a scroll of noise {unknown}
 j - 2 scrolls of teleportation {unknown}
 s - a scroll of torment {unknown}
 t - a scroll of fog {unknown}
 u - a scroll of enchant weapon {unknown}
 w - a scroll of enchant armour {unknown}
Potions
 c - 2 potions of invisibility
 d - a potion of mutation {unknown}
 h - a potion of curing {unknown}
 k - a potion of brilliance {unknown}
 l - 2 potions of berserk rage {unknown}
 n - a potion of resistance {unknown}
 o - a potion of heal wounds {unknown}
 r - 2 potions of cancellation {unknown}
 v - a potion of flight {unknown}


   Skills:
 + Level 1.5 Fighting
 + Level 2.7 Short Blades
 + Level 3.2 Dodging
 + Level 4.8 Stealth
 + Level 2.7 Spellcasting
 * Level 4.1 Hexes


You had 4 spell levels left.
You knew the following spells:

 Your Spells              Type           Power      Damage    Failure   Level
a - Ensorcelled Hibernat  Hex/Ice        26%        N/A       7%          2
b - Confusing Touch       Hex            23%        N/A       6%          3

Your spell library contained the following spells:

 Spells                   Type           Power      Damage    Failure   Level
 Tukima's Dance           Hex            23%        N/A       6%          3
 Dazzling Flash           Conj/Hex       26%        N/A       14%         3
 Blink                    Tloc           6%         N/A       17%         2
 Static Discharge         Conj/Air       3%         N/A       17%         2
 Lesser Beckoning         Tloc           3%         N/A       32%         3
 Lightning Bolt           Conj/Air       1%         1d12      97%         5
 Manifold Assault         Tloc           3%         N/A       97%         5
 Maxwell's Capacitive Co  Air            1%         ∞         100%        8


Dungeon Overview and Level Annotations

Branches:
Dungeon (4/15)
 Temple: D:4-7

Altars:

Shops:
D:2 [


Innate Abilities, Weirdness & Mutations

You are small and have problems with some larger weapons.
You are completely attuned to the shadows.


Message History

The scorpion misses you.
You hit the scorpion.
The scorpion is almost dead.
The scorpion closely misses you.
You hit the scorpion but do no damage.
The scorpion is almost dead.
The scorpion stings you.
You closely miss the scorpion.
The scorpion is almost dead.
The scorpion barely misses you.
You hit the scorpion but do no damage.
The scorpion is almost dead.
The scorpion closely misses you.
You closely miss the scorpion.
The scorpion is almost dead.
The scorpion stings you.
You closely miss the scorpion.
The scorpion is almost dead.
The scorpion misses you.
You hit the scorpion but do no damage.
The scorpion is almost dead.
The scorpion stings you but does no damage.
The scorpion misses you.
You barely miss the scorpion.
The scorpion is almost dead.
The scorpion closely misses you.
You hit the scorpion but do no damage.
The scorpion is almost dead.
The scorpion stings you.
You completely miss the scorpion.
The scorpion is almost dead.
The scorpion stings you.
* * * LOW HITPOINT WARNING * * *
You barely miss the scorpion.
The scorpion is almost dead.
The scorpion closely misses you.
You closely miss the scorpion.
The scorpion is almost dead.
The scorpion stings you.
You die...

.. .8. ..##
.. ....#.
#.s.######
#..@##...##
#.8.'..8.>#
#...##...##
##..######
#.#†.##
#.#...#
..#.8.#
.###...#
##<##


You could see a scorpion.

Vanquished Creatures
  A howler monkey (D:3)
  3 gnolls (D:3)
  2 adders (D:2)
  3 worms
  2 dart slugs
  6 ball pythons
  9 bats
  7 endoplasms
  2 giant cockroaches
  5 hobgoblins
  4 jackals (D:2)
  A quokka (D:2)
  A frilled lizard (D:3)
  5 kobolds
  5 rats
56 creatures vanquished.

Notes
Turn   | Place    | Note
-------+----------+-------------------------------------------
     0 | D:1      | happo123 the Kobold Enchanter began the quest for the Orb.
     0 | D:1      | Reached XP level 1. HP: 10/10 MP: 3/3
   172 | D:1      | Found a faded altar of an unknown god.
   190 | D:1      | Reached XP level 2. HP: 16/16 MP: 5/5
   193 | D:1      | Learned a level 2 spell: Ensorcelled Hibernation
   495 | D:1      | Reached XP level 3. HP: 20/20 MP: 6/6
   499 | D:1      | Learned a level 3 spell: Confusing Touch
  1544 | D:2      | Reached skill level 1 in Fighting
  1544 | D:2      | Reached XP level 4. HP: 25/25 MP: 7/7
  1791 | D:2      | Found Vyfibryw's Antique Armour Emporium.
  2114 | D:3      | Reached XP level 5. HP: 29/29 MP: 8/8
  2819 | D:4      | Slain by a scorpion

Illustrated notes

Levels and vault maps discovered:
D:1:      shiori_shiawase, layout_loops_ring, chequers_ecumenical_altar_twisty
D:2:      layout_loops_ring, serial_shops, shop
D:3:      layout_basic, bh_walls_and_bars
D:4:      layout_rooms, grunt_ministairs_4

Skill      XL: |  1  2  3  4 |
---------------+-------------+-----
Short Blades   | 2 |  2.7
Fighting       | 1 |  1.5
Dodging        | 3 |  3.2
Hexes          | 4 |  4.1
Stealth        | |  4.8
Spellcasting   | |  2.7

Action                   |  1- 3 |  4- 6 || total
-------------------------+-------+-------++-------
Melee: Dagger            |    96 |    59 ||   155
       Punch             |       |     1 ||     1
 Cast: Ensorcelled Hiber |     8 |    11 ||    19
 Stab: Sleeping          |    20 |    19 ||    39
Armor: Robe              |    23 |     6 ||    29
Dodge: Dodged            |    97 |    33 ||   130

Table legend: (Time is in decaauts)
 A = Elapsed time spent in this place.
 B = Non-inter-level travel time spent in this place.
 C = Inter-level travel time spent in this place.
 D = Time resting spent in this place.
 E = Time spent auto-exploring this place.
 F = Levels seen in this place.
 G = Mean time per level.
                   A        B        C        D        E       F      G
               +--------+--------+--------+--------+--------+-----+--------+
         Total |   2805 |   2511 |    294 |     30 |   1964 |   4 |  701.2 |
       Dungeon |   2805 |   2511 |    294 |     30 |   1964 |   4 |  701.2 |
               +--------+--------+--------+--------+--------+-----+--------+

Top non-repeatable levels by time:
     D:2: 1070 daAuts
     D:1: 970 daAuts
     D:3: 721 daAuts
     D:4: 43 daAuts
